 Dungeon Crawl Stone Soup version 0.17-a0-82-g3e33fa6 (webtiles) character file.

43 Pikaro the Stinger (level 3, 0/21 HPs)
             Began as an Octopode Venom Mage on Mar 16, 2015.
             Was an Initiate of Vehumet.
             Slain by a giant newt (1 damage)
             ... on level 3 of the Dungeon.
             The game lasted 00:03:38 (2664 turns).

Pikaro the Stinger (Octopode Venom Mage)            Turns: 2664, Time: 00:03:39

Health: 0/21       AC:  1    Str:  7    XL:     3   Next: 58%
Magic:  6/6        EV: 12    Int: 18    God:    Vehumet [......]
Gold:   182        SH:  0    Dex: 12    Spells: 1 memorised, 5 levels left

rFire  . . .     SeeInvis .     (no weapon)
rCold  . . .     Clarity  .     (no shield)
rNeg   . . .     SustAb   .     (helmet restricted)
rPois  .         Gourm    .     (no amulet)
rElec  .         Spirit   .     j - ring of protection from magic {MR+, !d}
rCorr  .         Warding  .     (no ring)
rMut   .         Stasis   .     (no ring)
MR     +....                    (no ring)
Stlth  +++.......               (no ring)
                                (no ring)
                                (no ring)
                                (no ring)

@: somewhat resistant to hostile enchantments, fairly stealthy
A: almost no armour, amphibious, 8 rings, constrict 8, camouflage 1, gelatinous
body 1
a: Renounce Religion


You were on level 3 of the Dungeon.
You worshipped Vehumet.
Vehumet was noncommittal.
You were very hungry.

You visited 1 branch of the dungeon, and saw 3 of its levels.

You collected 182 gold pieces.

Inventory:

Hand weapons
 q - a +0 blowgun
   (You took it off a kobold on level 3 of the Dungeon)
Missiles
 r - 12 poisoned needles
Jewellery
 j - a ring of protection from magic (left tentacle) {MR+, !d}
   (You found it on level 1 of the Dungeon)
Magical devices
 o - a wand of fireball (2)
   (You found it on level 2 of the Dungeon)
Scrolls
 d - 3 scrolls of identify
 e - a scroll of blinking {unknown}
 g - a scroll of recharging {unknown}
 s - a scroll of amnesia {unknown}
Potions
 f - 2 potions of heal wounds {unknown}
 i - a potion of restore abilities
 k - 2 potions of curing
 l - a potion of brilliance {unknown}
 n - 2 potions of flight {unknown}
Books
 b - a Young Poisoner's Handbook
Comestibles
 a - 2 fruits
 c - 3 bread rations
 h - 2 meat rations
 m - a beef jerky
 p - 2 slices of pizza


   Skills:
 - Level 2.0 Dodging
 - Level 2.6 Stealth
 - Level 2.0 Spellcasting
 + Level 6.3 Poison Magic


You had 5 spell levels left.
You knew the following spells:

 Your Spells              Type           Power        Failure   Level  Hunger
A - Sting                 Conj/Pois      ##..         6%          1    #......


Dungeon Overview and Level Annotations

Branches:
Dungeon (3/15)

Altars:
Vehumet

Annotations:
D:3 Pikaro's ghost, average OpVM


Innate Abilities, Weirdness & Mutations

You cannot wear most types of armour.
You are amphibious.
You can wear up to eight rings at the same time.
You can use your tentacles to constrict many enemies at once.
Your skin changes colour to match your surroundings (Stealth).
Your rubbery body absorbs attacks (AC +1).


Message History

You feel sick.
You take 1 damage, and have 13/21 hp.
You feel sick.
You take 1 damage, and have 12/21 hp.
You feel sick.
r - 12 poisoned needles (gained 1)
You take 1 damage, and have 11/21 hp.
You start resting.
You feel sick.
You feel sick. x7
You are no longer poisoned.
You take 6 damage, and have 5/21 hp.
MASSIVE DAMAGE!!
You start resting.
All of the chunks of flesh in your inventory have rotted away.
You regained 7 hp, and now have 12/21 hp.
You start resting.
You are feeling hungry.
You start resting.
You regained 7 hp, and now have 19/21 hp.
You start resting.
Health restored: 21; Total turns waited: 246
l - a brown potion You now have 182 gold pieces (gained 17).
s - a scroll labeled GEICRO RIODI
p - 2 slices of pizza (gained 1)
There is a stone staircase leading up here.
A goblin comes into view.
You are feeling very hungry.
You tentacle-slap the goblin.
You kill the goblin!
No target in view!
You see here a goblin corpse.
A hobgoblin comes into view. It is wielding a club.
The hobgoblin shouts!
You closely miss the hobgoblin. You grab the hobgoblin.
You constrict the hobgoblin. The hobgoblin hits you with a club.
You take 1 damage, and have 20/21 hp.
You tentacle-slap the hobgoblin but do no damage.
You squeeze the hobgoblin.
You kill the hobgoblin!
A kobold comes into view. It is wielding a whip.
You catch the helpless kobold momentarily off-guard.
You tentacle-slap the kobold.
You kill the kobold!
No target in view!
No target in view! a whip; 5 stones You start resting.
Health restored: 21; Total turns waited: 9 A rat comes into view.
Something unseen opens the door.
The rat bites you but does no damage.
Pikaro's ghost (average Octopode Venom Mage) comes into view.
You barely miss the rat.
Pikaro's ghost turns its malevolent gaze towards you.
You grab the rat. You constrict the rat. The rat completely misses you.
You tentacle-slap the rat but do no damage.
You constrict the rat, but do no damage.
Pikaro's ghost says very slowly, "There's no hope."
The rat closely misses you.
You tentacle-slap the rat.
You kill the rat!
Pikaro's ghost whispers, "It is all a dream - a grotesque and foolish dream."
Pikaro's ghost hits you.
You take 3 damage, and have 18/21 hp.
You tentacle-slap Pikaro's ghost but do no damage.
Pikaro's ghost closely misses you.
You tentacle-slap Pikaro's ghost. Pikaro's ghost closely misses you.
You tentacle-slap Pikaro's ghost.
Pikaro's ghost hits you but does no damage.
You barely miss Pikaro's ghost. Pikaro's ghost closely misses you.
You tentacle-slap Pikaro's ghost but do no damage.
Pikaro's ghost whispers, "There is no future for you."
Pikaro's ghost hits you.
You take 4 damage, and have 14/21 hp.
You tentacle-slap Pikaro's ghost. Your squeeze misses Pikaro's ghost.
Pikaro's ghost hits you.
You take 2 damage, and have 12/21 hp.
You closely miss Pikaro's ghost. Pikaro's ghost closely misses you.
You barely miss Pikaro's ghost. Pikaro's ghost closely misses you.
You closely miss Pikaro's ghost.
Pikaro's ghost hits you but does no damage.
You closely miss Pikaro's ghost. Pikaro's ghost barely misses you.
You barely miss Pikaro's ghost. Pikaro's ghost closely misses you.
A giant newt comes into view.
You tentacle-slap Pikaro's ghost. Pikaro's ghost barely misses you.
You barely miss Pikaro's ghost. Pikaro's ghost misses you.
You barely miss Pikaro's ghost.
Pikaro's ghost grins evilly.
Pikaro's ghost hits you.
You take 4 damage, and have 8/21 hp.
You closely miss Pikaro's ghost. You squeeze Pikaro's ghost.
Pikaro's ghost closely misses you.
You tentacle-slap Pikaro's ghost but do no damage.
You squeeze Pikaro's ghost. Pikaro's ghost hits you.
You take 1 damage, and have 7/21 hp.
You tentacle-slap Pikaro's ghost. Pikaro's ghost hits you.
* * * LOW HITPOINT WARNING * * *
The giant newt bites you.
You die...

... ... ....' ..## ##
.....# ... .#
.....###..# .#
#........# .#
###........#
.#.#######.....lW...#
.#.......#.#....@...#
.#######.#.#......#.#
.................†..#
...........#.#.###.<#
. .###.......#.#.#
.## .....
................ ..
.....#
................. ..
......#
.#................
... .......#
.#.###............. .
........#


You could see Pikaro's ghost and a giant newt.

Vanquished Creatures
  A giant gecko (D:2)
  A ball python (D:2)
  8 bats
  4 giant cockroaches
  7 hobgoblins
  2 jackals (D:1)
  3 kobolds
  3 giant newts
  6 goblins
  5 rats
40 creatures vanquished.

Notes
Turn   | Place    | Note
--------------------------------------------------------------
     0 | D:1      | Pikaro, the Octopode Venom Mage, began the quest for the Orb.
     0 | D:1      | Reached XP level 1. HP: 11/11 MP: 3/3
    24 | D:1      | Reached skill level 5 in Poison Magic
   302 | D:1      | Reached XP level 2. HP: 13/17 MP: 4/4
  1439 | D:2      | Reached XP level 3. HP: 17/21 MP: 6/6
  1543 | D:2      | Found a radiant altar of Vehumet.
  1554 | D:2      | Reached skill level 6 in Poison Magic
  1564 | D:2      | Became a worshipper of Vehumet
  2279 | D:3      | HP: 5/21 [poisoned by a kobold]
  2643 | D:3      | Noticed Pikaro's ghost (average OpVM)
  2664 | D:3      | HP: 1/21 [Pikaro's ghost (6)]
  2664 | D:3      | Slain by a giant newt

Action                   || total
-------------------------++-------
Melee: Unarmed           ||   110
  Use: Scroll            ||     4
 Stab: Sleeping          ||     8
       Distracted        ||     1
  Eat: Chunk             ||     4

Vault maps used:
D:1:      dpeg_arrival_orchard, minmay_quantized
D:2:      vehumet_crystals, first_bread
D:3:      nemelex_altar_shiori

Table legend:
 A = Turns spent in this place as a percentage of turns spent in the entire game.
 B = Non-inter-level travel turns spent in this place as a percentage of non-inter-level travel turns spent in the entire game.
 C = Inter-level travel turns spent in this place as a percentage of turns spent in this place.
 D = Turns resting spent in this place as a percentage of non-inter-level travel turns spent in this place.
 E = Turns spent auto-exploring this place as a percentage of non-inter-level travel turns spent in this place.
 F = Non-inter-level travel turns spent in this place divided by the number of levels of this place that you've seen.
                   A       B       C       D       E      F
               +-------+-------+-------+-------+-------+----------------------
         Total | 100.0 | 100.0 |   0.5 |   9.8 |  10.8 | 139.3
       Dungeon | 100.0 | 100.0 |   0.5 |   9.8 |  10.8 | 139.3
               +-------+-------+-------+-------+-------+----------------------

Table legend:
 A = Kills in this place as a percentage of kills in entire the game.
 B = Kills by you in this place as a percentage of kills by you in the entire game.
 C = Kills by friends in this place as a percentage of kills by friends in the entire game.
 D = Other kills in this place as a percentage of other kills in the entire game.
 E = Experience gained in this place as a percentage of experience gained in the entire game.
 F = Experience gained in this place divided by the number of levels of this place that you have seen.
                   A       B       C       D       E      F
               +-------+-------+-------+-------+-------+----------------------
         Total | 100.0 | 100.0 |  -nan |  -nan | 100.0 |  20.7
       Dungeon | 100.0 | 100.0 |  -nan |  -nan | 100.0 |  20.7
               +-------+-------+-------+-------+-------+----------------------
